 Dungeon Crawl Stone Soup version 0.27.1-2-g3b301248ec (webtiles) character file.

Game seed: 1052125893675996461

39 Millie the Skirmisher (level 3, -5/33 HPs)
             Began as a Minotaur Fighter on Sept 28, 2021.
             Slain by Sigmund (9 damage)
             ... on level 2 of the Dungeon.
             The game lasted 00:01:55 (1199 turns).

Millie the Skirmisher (Minotaur Fighter)            Turns: 1199, Time: 00:01:56

Health: -5/33      AC:  8    Str: 21    XL:     3   Next: 28%
Magic:  2/2        EV:  7    Int:  5    God:
Gold:   78         SH:  9    Dex:  9    Spells: 2/2 levels left

rFire    . . .     SeeInvis .   a - +1 flail
rCold    . . .     Faith    .   c - +0 kite shield
rNeg     . . .     Spirit   .   b - +0 scale mail
rPois    .         Reflect  .   (helmet restricted)
rElec    .         Harm     .   (no cloak)
rCorr    +         Rampage  .   h - +0 pair of gloves
Will     .....                  (no boots)
Stlth    ..........             (no amulet)
HPRegen  0.11/turn              e - ring of resist corrosion
MPRegen  0.08/turn              (no ring)

@: no status effects
A: horns 2, retaliatory headbutt
a: no special abilities


You were on level 2 of the Dungeon.
You visited 1 branch of the dungeon, and saw 2 of its levels.

You collected 78 gold pieces.

Inventory:

Hand Weapons
 a - a +1 flail (weapon)
Missiles
 f - 6 boomerangs (quivered)
 g - 17 sling bullets
Armour
 b - a +0 scale mail (worn)
 c - a +0 kite shield (worn)
 h - a +0 pair of gloves (worn)
Jewellery
 e - a ring of resist corrosion (left hand)
Potions
 d - a potion of might


   Skills:
 + Level 4.0 Fighting
 + Level 3.0 Maces & Flails
 + Level 4.0 Armour
 + Level 1.2 Dodging
 + Level 4.0 Shields


You had 2 spell levels left.
You didn't know any spells.
Your spell library was empty.

Dungeon Overview and Level Annotations

Branches:
Dungeon (2/15)

Altars:

Annotations:
D:2 Sigmund


Innate Abilities, Weirdness & Mutations

You have a pair of horns on your head.
You reflexively headbutt those who attack you in melee.


Message History

Your experience leads to an increase in your attributes!
Increase (S)trength, (I)ntelligence, or (D)exterity?
You feel stronger.
You hit the adder. Your headbutt misses the adder.
The adder is moderately wounded.
You feel sick. You block the adder's attack.
You hit the adder.
You headbutt the adder, but do no damage.
The adder is heavily wounded.
You feel sick. You block the adder's attack. x2
You hit the adder. Your headbutt misses the adder.
The adder is almost dead.
You feel sick. You block the adder's attack. x2
You closely miss the adder. You headbutt the adder.
The adder is almost dead.
You feel sick.
You are no longer poisoned.
The adder barely misses you. The adder bites you.
You are poisoned.
The adder poisons you!
You closely miss the adder.
The adder is almost dead.
You feel very sick. The adder bites you but does no damage.
You block the adder's attack.
You hit the adder.
You kill the adder!
You feel sick. The ball python bites you. You block the ball python's attack.
Your Shields skill increases to level 4!
You sock the ball python!
You kill the ball python!
You feel sick.
You hear some strange, mumbled words.
Something tries to affect you, but you resist.
Something hits you.
* * * LOW HITPOINT WARNING * * *
Your Maces & Flails skill increases to level 3!
You start resting.
You feel sick. x2
You are no longer poisoned.
Something hits you!
You die...

...#### .......
....... ....$..
....... ....... #..
.......####### #..
#....†@...# #..
#.#######.# #..
#######.# #######..
#.......# #........
#.###########.#####.#
#.#............)...<.
#.###.#######.#######
#.....# #.#####..
####### #........


There were no monsters in sight!

Vanquished Creatures
  An adder (D:2)
  5 endoplasms
  4 giant cockroaches (D:1)
  A goblin (D:2)
  6 hobgoblins
  2 kobolds (D:1)
  A ball python (D:2)
  2 bats (D:1)
  2 frilled lizards (D:1)
  3 rats (D:1)
27 creatures vanquished.

Notes
Turn   | Place    | Note
-------+----------+-------------------------------------------
     0 | D:1      | Millie the Minotaur Fighter began the quest for the Orb.
     0 | D:1      | Reached XP level 1. HP: 19/19 MP: 0/0
   264 | D:1      | Reached XP level 2. HP: 27/27 MP: 1/1
   621 | D:1      | Reached skill level 1 in Dodging
   657 | D:1      | Found a faded altar of an unknown god.
  1181 | D:2      | Noticed Sigmund
  1191 | D:2      | Reached XP level 3. HP: 23/33 MP: 2/2
  1199 | D:2      | Slain by Sigmund

Illustrated notes

Levels and vault maps discovered:
D:1:      lightli_arrival_noodles, layout_loops_ring,
          ebering_ecumenical_altar_rust
D:2:      layout_basic, uniq_sigmund

Skill      XL: |  1  2  3 |
---------------+----------+-----
Dodging        | 1 |  1.2
Fighting       | 4 |  4.0
Armour         | 4 |  4.0
Shields        | 4 |  4.0
Maces & Flails | 3 |  3.0

Action                   || total
-------------------------++-------
Melee: Flail             ||    64
       Headbutt          ||     8
  Use: Scroll            ||     2
Armor: Scale mail        ||    33
Dodge: Dodged            ||    24
Block: Kite shield       ||    33
